 Dungeon Crawl Stone Soup version 0.28.0-53-g5a82cb258f (webtiles) character file.

Game seed: 1629244597254054700

835 Ashen the Ogre Mage (level 7, -1/70 HPs)
             Began as an Ogre Fire Elementalist on June 18, 2022.
             Slain by a centaur (2 damage)
             ... on level 5 of the Dungeon.
             The game lasted 00:12:45 (5428 turns).

Ashen the Ogre Mage (Ogre Fire Elementalist)        Turns: 5428, Time: 00:12:45

Health: -1/70      AC:  3    Str: 13    XL:     7   Next: 98%
Magic:  5/13       EV: 10    Int: 18    God:
Gold:   115        SH:  0    Dex:  9    Spells: 5/15 levels left

rFire   . . .      SeeInvis .   c - +0 short sword (venom)
rCold   . . .      Faith    .   (no shield)
rNeg    . . .      Spirit   .   a - +0 robe
rPois   .          Reflect  .   (helmet restricted)
rElec   .          Harm     .   (no cloak)
rCorr   .          Rampage  .   (gloves unavailable)
Will    .....                   (boots unavailable)
Stlth   ++........              (no amulet)
HPRegen 0.21/turn               (no ring)
MPRegen 0.13/turn               (no ring)

@: no status effects
A: large, unfitting armour, tough skin 1
a: no special abilities


You were on level 5 of the Dungeon.
You visited 1 branch of the dungeon, and saw 5 of its levels.

You collected 115 gold pieces.

Inventory:

Hand Weapons
 c - a +0 short sword of venom (weapon)
Armour
 a - a +0 robe (worn)
Jewellery
 j - a +6 ring of intelligence
Scrolls
 g - a scroll of holy word {unknown}
 h - a scroll of teleportation {unknown}
 k - a scroll of identify
 l - a scroll of immolation {unknown}
 m - 2 scrolls of summoning {unknown}
 n - a scroll of brand weapon {unknown}
Potions
 b - a potion of flight
 d - a potion of haste
 e - 2 potions of attraction
 i - a potion of magic {unknown}


   Skills:
 + Level 4.2 Fighting
 + Level 3.6 Dodging
 - Level 3.0 Stealth
 + Level 4.5 Spellcasting
 + Level 3.3 Conjurations
 + Level 4.2 Fire Magic


You had 5 spell levels left.
You knew the following spells:

 Your Spells              Type           Power      Damage    Failure   Level
a - Foxfire               Conj/Fire      68%        2x1d7     3%          1
b - Scorch                Fire           38%        2d7       3%          2
c - Inner Flame           Hex/Fire       11%        N/A       17%         3
d - Flame Wave            Conj/Fire      17%        2d6       30%         4

Your spell library contained the following spells:

 Spells                   Type           Power      Damage    Failure   Level
 Conjure Flame            Conj/Fire      17%        6-21      9%          3
 Gell's Gravitas          Tloc           4%         N/A       38%         3
 Teleport Other           Tloc           4%         N/A       38%         3
 Dispersal                Tloc           2%         N/A       100%        6


Dungeon Overview and Level Annotations

Branches:
Dungeon (5/15)
 Temple: D:4-7

Altars:
Trog


Innate Abilities, Weirdness & Mutations

You are too large for most types of armour.
You have tough skin. (AC +1)


Message History

The centaur hits you. The centaur barely misses you. The centaur hits you.
* * * LOW HITPOINT WARNING * * *
The centaur barely misses you. The centaur hits you.
* * * LOW HITPOINT WARNING * * *
The centaur closely misses you. The centaur hits you.
* * * LOW HITPOINT WARNING * * *
The centaur barely misses you.
You hit the centaur.
The centaur looks as sick as possible!
The centaur is moderately wounded.
The centaur barely misses you. The centaur kicks you.
* * * LOW HITPOINT WARNING * * *
The centaur misses you. The centaur barely misses you.
The centaur closely misses you.
The centaur kicks you but does no damage.
The centaur hits you.
* * * LOW HITPOINT WARNING * * *
The centaur misses you.
Casting: Foxfire (safe; 3% risk of failure)
Confirm with . or Enter, or press ? or * to list all spells.
Casting: Flame Wave (dangerous; 30% risk of failure)
Press: ? - help, Dir - look around, f - activate A wave of flame ripples out!
The flame wave engulfs the centaur!
The centaur is severely wounded.
The flame wave engulfs the centaur.
The centaur is severely wounded. (Press . to intensify the flame waves.)
The centaur barely misses you. The centaur kicks you.
* * * LOW HITPOINT WARNING * * *
The centaur hits you.
* * * LOW HITPOINT WARNING * * *
The centaur kicks you but does no damage.
A wave of flame ripples out!
The flame wave engulfs the centaur.
The centaur is almost dead.
The flame wave engulfs the centaur.
The centaur is almost dead.
You kill the centaur!
The centaur barely misses you.
The centaur kicks you but does no damage.
The centaur hits you.
You die...

####.........)#####........
...
#..........#..#####........
..
#.....[........##..........
##..###......#.##..........
#..###................)...
#...##..#.............#.
##................)...#
##............)..).#.....
#...........@#....# ....
##..........c#....##....
##..........#....c........
#..........##..#...........
#.......#...##.#.....#####.
#......##....#.......#$?$#.
#.....#..............#($(#.
##...####....#.......#$:!#.
##.......#..#.......#####.


You could see a centaur (extremely poisoned).

Vanquished Creatures
  Sigmund (D:3)
  A black bear (D:5)
  A centaur (D:5)
  A water moccasin zombie (D:5)
  A scorpion (D:5)
  A water moccasin skeleton (D:5)
  A bullfrog zombie (D:5)
  2 hounds (D:4)
  3 orc priests
  An iguana (D:4)
  Ijyb (D:3)
  Natasha (thrice) (D:3)
  A hound skeleton (D:4)
  2 adders (D:2)
  A worm (D:2)
  A dart slug (D:1)
  7 orcs
  8 endoplasms
  2 giant cockroaches (D:1)
  10 goblins
  6 hobgoblins
  8 kobolds
  4 quokkas
  7 ball pythons
  10 bats
  4 frilled lizards
  6 rats
94 creatures vanquished.

Vanquished Creatures (others)
  295 foxfires
295 creatures vanquished.

Grand Total: 389 creatures vanquished

Notes
Turn   | Place    | Note
-------+----------+-------------------------------------------
     0 | D:1      | Ashen the Ogre Fire Elementalist began the quest for the
                  | Orb.
     0 | D:1      | Reached XP level 1. HP: 16/16 MP: 3/3
    69 | D:1      | Reached skill level 1 in Conjurations
   309 | D:1      | Reached XP level 2. HP: 24/24 MP: 0/5
   962 | D:1      | Reached XP level 3. HP: 32/32 MP: 4/7
  1615 | D:2      | Found a bloodstained altar of Trog.
  1648 | D:2      | Reached skill level 1 in Fighting
  1878 | D:2      | Reached XP level 4. HP: 41/41 MP: 5/8
  2357 | D:3      | Noticed Ijyb
  2361 | D:3      | Paralysed by Ijyb for 3 turns
  2376 | D:3      | Paralysed by Ijyb for 4 turns
  2381 | D:3      | Paralysed by Ijyb for 7 turns
  2400 | D:3      | Paralysed by Ijyb for 2 turns
  2453 | D:3      | Learned a level 2 spell: Scorch
  2457 | D:3      | Learned a level 3 spell: Inner Flame
  2842 | D:3      | Noticed Natasha
  2849 | D:3      | Killed Natasha
  2910 | D:3      | Noticed Sigmund
  3096 | D:3      | Noticed Natasha
  3101 | D:3      | Killed Natasha
  3102 | D:3      | Reached XP level 5. HP: 49/49 MP: 5/9
  3353 | D:3      | Noticed Natasha
  3360 | D:3      | Killed Natasha
  3430 | D:3      | Killed Sigmund
  3431 | D:3      | Reached XP level 6. HP: 24/59 MP: 9/11
  4338 | D:5      | Entered Level 5 of the Dungeon
  4358 | D:4      | Reached XP level 7. HP: 49/67 MP: 2/12
  4551 | D:3      | Killed Ijyb
  5075 | D:5      | Learned a level 4 spell: Flame Wave
  5427 | D:5      | HP: 1/70 [centaur (4)]
  5428 | D:5      | Slain by a centaur

Illustrated notes

Levels and vault maps discovered:
D:1:      dpeg_arrival_lava_altar, layout_loops_corners
D:2:      layout_rooms, basic_altar
D:3:      layout_loops_ring, uniq_ijyb, uniq_natasha, uniq_sigmund
D:4:      layout_cave_pools
D:5:      layout_cave_pools, minmay_misc_feat_plants, due_unseen_surprise

Skill      XL: |  1  2  3  4  5  6  7 |
---------------+----------------------+-----
Conjurations   | 1 2 3 |  3.3
Dodging        | 2 3 |  3.6
Fighting       | 1 2 3 4 |  4.2
Fire Magic     | 3 4 |  4.2
Stealth        | 2 3 |  3.0
Spellcasting   | 3 4 |  4.5

Action                   |  1- 3 |  4- 6 |  7- 9 || total
-------------------------+-------+-------+-------++-------
Melee: Unarmed           |    35 |    16 |       ||    51
       Short sword       |       |    19 |    44 ||    63
       Punch             |       |       |     1 ||     1
 Cast: Foxfire           |    53 |    85 |    39 ||   177
       Flame Wave        |       |       |     1 ||     1
  Use: Scroll            |       |     4 |       ||     4
       Potion            |       |       |     2 ||     2
 Stab: Sleeping          |     2 |       |       ||     2
Armor: Robe              |    19 |     6 |    21 ||    46
Dodge: Dodged            |    35 |    18 |    58 ||   111
